 Dungeon Crawl Stone Soup version 0.19-a0-1731-g1e0734d (webtiles) character file.

84 Sixotanaka the Slasher (level 4, -2/29 HPs)
             Began as a High Elf Skald on Sept 30, 2016.
             Slain by a slave (6 damage)
             ... led by Pikel
             ... on level 5 of the Dungeon.
             The game lasted 00:08:45 (2910 turns).

Sixotanaka the Slasher (High Elf Skald)             Turns: 2910, Time: 00:08:46

Health: -2/29      AC:  4    Str: 11    XL:     4   Next: 23%
Magic:  0/8        EV: 11    Int: 16    God:
Gold:   103        SH:  0    Dex: 15    Spells: 3 memorised, 1 level left

rFire  . . .     SeeInvis .     a - +0 falchion
rCold  . . .     Gourm    +     b - +0 leather armour
rNeg   . . .     Faith    .     (no shield)
rPois  .         Spirit   .     (no helmet)
rElec  .         Dismiss  .     o - +0 cloak
rCorr  .         Reflect  .     (no gloves)
MR     .....     Harm     .     (no boots)
Stlth  +.........               h - amulet of the gourmand
                                (no ring)
                                (no ring)

@: infused (expiring), very slightly contaminated
A: no striking features
a: no special abilities


You were on level 5 of the Dungeon.
You were not hungry.

You visited 1 branch of the dungeon, and saw 4 of its levels.

You collected 103 gold pieces.


   Skills:
 - Level 2.0 Fighting
 * Level 5.3 Long Blades
 - Level 0.8 Armour
 - Level 1.1 Dodging
 - Level 2.4 Spellcasting
 + Level 3.9 Charms


You had one spell level left.
You knew the following spells:

 Your Spells              Type           Power        Failure   Level  Hunger
a - Infusion              Chrm           ##..         6%          1    #......
b - Shroud of Golubria    Chrm/Tloc      #.........   17%         2    ###....
z - Spectral Weapon       Hex/Chrm       #.......     34%         3    ###....


Dungeon Overview and Level Annotations

Branches:
Dungeon (5/15)
 Temple: D:4-7

Altars:

Inventory:

Hand Weapons
 a - a +0 falchion (weapon)
 s - a +2 dagger of flaming
   (You took it off a goblin on level 2 of the Dungeon)
Missiles
 i - 10 tomahawks (quivered)
Armour
 b - a +0 leather armour (worn)
 o - a +0 cloak (worn)
   (You found it on level 2 of the Dungeon)
Jewellery
 h - an amulet of the gourmand (around neck)
   (You found it on level 1 of the Dungeon)
 q - an uncursed amulet of faith {!P}
   (You found it on level 2 of the Dungeon)
Scrolls
 k - a scroll of teleportation {unknown}
 l - 2 scrolls of enchant weapon
 n - a scroll of magic mapping {unknown}
 p - a scroll of recharging
Potions
 j - a potion of might {unknown}
Books
 c - a book of Battle
Comestibles
 d - 3 bread rations {@e1}

#..# #...... o.
#.## #...## o.
#.# ...# o# #.#
##.. .. #.# .#
#.# .# #o# ###.#
#p# #...# #@#
##.### ###<# #..#
## #...# #.##...
#...# ##....#
#...# ##...###
#...########..###
#.....).......#
#...########.##
#.[.# ...#


You could see a slave and an orc.


Message History

You finish eating.
This raw flesh tastes great.
Eating a chunk of flesh.
You start eating the chunk of flesh.
You continue eating.
Your magical infusion is running out.
You continue eating.
You finish eating.
This raw flesh tastes great.
You start resting.
You are no longer magically infusing your attacks.
Your magical contamination has completely faded away.
A worker ant comes into view.
Found 13 gold pieces.
There is a stone staircase leading up here.
You see here a scroll of noise {!r}.
A leopard gecko and a slave come into view.
The slave moves out of view.
You begin infusing your attacks with magical energy.
The leopard gecko closely misses you.
You riposte.
You hit the leopard gecko!
You kill the leopard gecko!
A slave comes into view. 2 slaves come into view.
The slave shouts!
The orc shouts!
Found a robe.
A worker ant and a shadow imp come into view.
Your magical infusion is running out.
You are no longer magically infusing your attacks.
You closely miss the slave. The slave hits you.
You closely miss the slave. The slave hits you.
You barely miss the slave. The slave hits you.
You begin infusing your attacks with magical energy.
The slave hits you!
* * * LOW HITPOINT WARNING * * *
You miscast Shroud of Golubria.
You are very lightly contaminated with residual magic.
Nothing appears to happen.
The slave closely misses you.
Space distorts slightly along a thin shroud covering your body.
Your shroud bends the slave's attack away.
You barely miss the slave. The slave closely misses you.
You closely miss the slave. The slave hits you but does no damage.
You hit the slave. The slave misses you.
You riposte.
You hit the slave but do no damage. You closely miss the slave.
Your magical infusion is running out.
The slave barely misses you.
You riposte.
You hit the slave but do no damage. You hit the slave. The slave hits you!
* * * LOW HITPOINT WARNING * * *
Your shroud falls apart!
You hit the slave. The slave hits you.
* * * LOW HITPOINT WARNING * * *
You hit the slave. The slave hits you.
You die...

Vault maps used:
D:1:      lemuel_arrival_lava_pool
D:2:      kennysheep_generic_room_7
D:4:      grunt_temple_overflow_open, first_bread, uniq_sigmund
D:5:      uniq_blork_the_orc, uniq_pikel, uniq_eustachio

Vanquished Creatures
  A worker ant (D:5)
  An adder (D:1)
  A leopard gecko (D:5)
  An orc (D:5)
  A ball python (D:1)
  3 giant cockroaches
  8 goblins
  3 hobgoblins
  4 jackals (D:1)
  8 bats
  5 frilled lizards
  5 kobolds
  6 rats
47 creatures vanquished.

Vanquished Creatures (others)
  A spectral weapon (D:4)
1 creature vanquished.

Grand Total: 48 creatures vanquished

Table legend:
 A = Turns spent in this place as a percentage of turns spent in the entire game.
 B = Non-inter-level travel turns spent in this place as a percentage of non-inter-level travel turns spent in the entire game.
 C = Inter-level travel turns spent in this place as a percentage of turns spent in this place.
 D = Turns resting spent in this place as a percentage of non-inter-level travel turns spent in this place.
 E = Turns spent auto-exploring this place as a percentage of non-inter-level travel turns spent in this place.
 F = Non-inter-level travel turns spent in this place divided by the number of levels of this place that you've seen.
                   A       B       C       D       E      F
               +-------+-------+-------+-------+-------+----------------------
         Total | 100.0 | 100.0 |   0.2 |   5.7 |   8.2 | 248.0
       Dungeon | 100.0 | 100.0 |   0.2 |   5.7 |   8.2 | 248.0
               +-------+-------+-------+-------+-------+----------------------

Table legend:
 A = Kills in this place as a percentage of kills in entire the game.
 B = Kills by you in this place as a percentage of kills by you in the entire game.
 C = Kills by friends in this place as a percentage of kills by friends in the entire game.
 D = Other kills in this place as a percentage of other kills in the entire game.
 E = Experience gained in this place as a percentage of experience gained in the entire game.
 F = Experience gained in this place divided by the number of levels of this place that you have seen.
                   A       B       C       D       E      F
               +-------+-------+-------+-------+-------+----------------------
         Total | 100.0 | 100.0 |  -nan |  -nan | 100.0 |  30.0
       Dungeon | 100.0 | 100.0 |  -nan |  -nan | 100.0 |  30.0
               +-------+-------+-------+-------+-------+----------------------

Notes
Turn   | Place    | Note
-------+----------+-------------------------------------------
     0 | D:1      | Sixotanaka the High Elf Skald began the quest for the Orb.
     0 | D:1      | Reached XP level 1. HP: 14/14 MP: 4/4
   183 | D:1      | Reached skill level 3 in Long Blades
   248 | D:1      | Reached XP level 2. HP: 16/19 MP: 3/6
   258 | D:1      | Learned a level 2 spell: Shroud of Golubria
   891 | D:1      | Reached skill level 4 in Long Blades
   891 | D:1      | Reached XP level 3. HP: 13/24 MP: 7/7
  1714 | D:2      | Learned a level 3 spell: Spectral Weapon
  1922 | D:2      | You fall through a shaft for 2 floors!
  1924 | D:4      | Noticed a phantom
  1965 | D:5      | Entered Level 5 of the Dungeon
  2352 | D:4      | HP: 6/24 [phantom (7)]
  2430 | D:5      | HP: 5/24 [worker ant (2)]
  2431 | D:5      | Reached skill level 5 in Long Blades
  2431 | D:5      | Reached XP level 4. HP: 7/29 MP: 1/8
  2873 | D:5      | Noticed a slave
  2876 | D:5      | Noticed a slave
  2877 | D:5      | Noticed a slave
  2877 | D:5      | Noticed a slave
  2908 | D:5      | HP: 5/29 [slave[Pikel] (8)]
  2910 | D:5      | Slain by a slave

Action                   |  1- 3 |  4- 6 || total
-------------------------+-------+-------++-------
Melee: Falchion          |   150 |    14 ||   164
 Cast: Infusion          |    14 |     3 ||    17
       Shroud of Golubri |     7 |     1 ||     8
       Spectral Weapon   |     2 |       ||     2
  Use: Scroll            |     4 |       ||     4
       Potion            |     1 |       ||     1
 Stab: Invisible         |     1 |       ||     1
  Eat: Chunk             |    12 |     2 ||    14
       Beef jerky        |       |     1 ||     1
Armor: Leather armour    |    40 |     1 ||    41
Dodge: Dodged            |    86 |     5 ||    91
